 Dungeon Crawl Stone Soup version 0.27.1-4-g1640c2035a (webtiles) character file.

Game seed: 17880560803586093433

894 pkoi the Insei (level 7, -9/57 HPs)
             Began as a Green Draconian Monk on Nov 17, 2021.
             Was a Believer of Dithmenos.
             Mangled by Menkaure (18 damage)
             ... on level 4 of the Dungeon.
             The game lasted 00:05:58 (3753 turns).

pkoi the Insei (Green Draconian Monk)               Turns: 3753, Time: 00:05:59

Health: -9/57      AC:  8    Str: 14    XL:     7   Next: 78%
Magic:  10/10      EV: 12    Int: 11    God:    Dithmenos [**....]
Gold:   94         SH:  0    Dex: 14    Spells: 6/6 levels left

rFire    . . .     SeeInvis .     - Unarmed
rCold    . . .     Faith    .   (no shield)
rNeg     . . .     Spirit   .   (armour unavailable)
rPois    +         Reflect  .   (helmet restricted)
rElec    .         Harm     .   (no cloak)
rCorr    .         Rampage  .   c - +0 pair of gloves
Will     .....                  n - +0 pair of boots
Stlth    ++........             s - amulet of the acrobat
HPRegen  0.19/turn              (no ring)
MPRegen  0.12/turn              (no ring)

@: wreathed by umbra
A: breathe noxious fumes, AC +6, unfitting armour, poison resistance,
cold-blooded
a: Breathe Noxious Fumes, Renounce Religion, Shadow Step


You were on level 4 of the Dungeon.
You worshipped Dithmenos.
Dithmenos was pleased with you.
You visited 1 branch of the dungeon, and saw 4 of its levels.

You collected 94 gold pieces.

Inventory:

Armour
 c - a +0 pair of gloves (worn)
 n - a +0 pair of boots (worn)
Jewellery
 s - an amulet of the acrobat (around neck)
Wands
 q - a wand of polymorph (10)
Scrolls
 j - a scroll of enchant weapon
Potions
 e - a potion of mutation
 h - a potion of invisibility
 i - 2 potions of flight


   Skills:
 - Level 3.2 Fighting
 - Level 2.6 Dodging
 - Level 1.7 Stealth
 + Level 7.6 Unarmed Combat
 - Level 4.0 Invocations
 - Level 3.6 Evocations


You had 6 spell levels left.
You didn't know any spells.
Your spell library contained the following spells:

 Spells                   Type           Power      Damage    Failure   Level
 Summon Small Mammal      Summ           0%         N/A       34%         1
 Call Canine Familiar     Summ           0%         N/A       71%         3
 Summon Guardian Golem    Hex/Summ       0%         N/A       71%         3


Dungeon Overview and Level Annotations

Branches:
Dungeon (4/15)
 Temple: D:4-7

Altars:
Dithmenos
Zin

Shops:
D:4 *

Annotations:
D:4 Menkaure


Innate Abilities, Weirdness & Mutations

You can breathe blasts of noxious fumes.
Your lurid green scales are hard. (AC +6)
You cannot fit into any form of body armour.
Your system is resistant to poisons. (rPois)
You are cold-blooded and may be slowed by cold attacks.


Message History

You start resting.
Magic restored.
There is a stone staircase leading up here.
Unknown command.
Okay, then.
Unknown command.
Unknown command.
HP restored.
A goblin comes into view. It is wielding a +0 club.
Found a puce potion and 6 gold pieces.
A goblin is nearby!
A goblin is nearby!
A goblin is nearby!
You see here a scroll of teleportation.
The goblin shouts!
You hear a shout!
The goblin barely misses you.
You barely miss the goblin. You tail-slap the goblin.
The goblin is severely wounded.
The goblin hits you but does no damage.
You punch the goblin!
You kill the goblin!
Dithmenos accepts your kill.
Menkaure, Prince of Dust comes into view.
You see here a +0 club.
Menkaure calls on the powers of darkness!
Your body is wracked with pain!
You hit Menkaure.
Menkaure is moderately damaged.
Menkaure hits you!!
* * * LOW HITPOINT WARNING * * *
You barely miss Menkaure.
Menkaure is moderately damaged.
Menkaure forgets how to speak, silenced by the ages.
Menkaure misses you.
You hit Menkaure. You punch Menkaure.
Menkaure is heavily damaged.
You punch Menkaure!
Your tail-slap misses Menkaure.
Menkaure is severely damaged.
Menkaure hits you!!
You die...

#........######....>#...#.
#........# #.....#####,
#>.......# #..##..# *,
#........# ####..###.# *.
############!.?.## *.####.
#$)..##***..,...
##.#.###.,,,,,...
#######........#***##.l
#^....@..####### ###...
#....M.##....# ###....#
#.....##*....#*#.......
#.....***....#.........
#.....,,,...$..#.....##
#.....**,.....##.....#
######***,,..#########
*,,.,* *,,,,*


You could see Menkaure.

Vanquished Creatures
  Pikel (D:3)
  A black bear (D:4)
  An ogre (D:3)
  A lemure (D:3)
  A water moccasin skeleton (D:3)
  A hound (D:3)
  Jessica (D:3)
  4 gnolls
  3 adders (D:2)
  2 worms
  5 dart slugs
  6 ball pythons
  9 endoplasms
  3 giant cockroaches
  5 goblins
  7 hobgoblins
  8 jackals
  A quokka (D:2)
  9 bats
  A frilled lizard (D:1)
  10 kobolds
  6 rats
86 creatures vanquished.

Vanquished Creatures (others)
  A plant (D:1)
1 creature vanquished.

Grand Total: 87 creatures vanquished

Notes
Turn   | Place    | Note
-------+----------+-------------------------------------------
     0 | D:1      | pkoi the Draconian Monk began the quest for the Orb.
     0 | D:1      | Reached XP level 1. HP: 19/19 MP: 1/1
   202 | D:1      | Reached XP level 2. HP: 26/26 MP: 2/2
   322 | D:1      | Reached skill level 4 in Unarmed Combat
   899 | D:2      | Reached XP level 3. HP: 31/31 MP: 3/3
  1202 | D:2      | Found a faded altar of an unknown god.
  1571 | D:2      | Found a shadowy altar of Dithmenos.
  1596 | D:2      | Reached XP level 4. HP: 38/38 MP: 4/4
  1606 | D:2      | Became a worshipper of Dithmenos the Shadowed
  1606 | D:2      | Reached * piety under Dithmenos
  1606 | D:2      | Reached ** piety under Dithmenos
  1726 | D:2      | Reached skill level 5 in Unarmed Combat
  1845 | D:3      | Noticed Jessica
  1859 | D:3      | Killed Jessica
  2023 | D:3      | Reached XP level 5. HP: 38/45 MP: 5/5
  2279 | D:3      | Reached skill level 6 in Unarmed Combat
  2709 | D:4      | Noticed a black bear
  2735 | D:4      | Noticed an ogre
  3150 | D:4      | Reached skill level 1 in Invocations
  3150 | D:4      | Reached XP level 6. HP: 48/51 MP: 6/6
  3205 | D:4      | Found Zin's Purification Station.
  3206 | D:4      | Noticed Pikel
  3253 | D:3      | Reached skill level 1 in Evocations
  3355 | D:4      | Found a glowing silver altar of Zin.
  3408 | D:3      | Killed Pikel
  3409 | D:3      | Reached skill level 7 in Unarmed Combat
  3409 | D:3      | Your scales start taking on a lurid green colour.
  3409 | D:3      | Reached XP level 7. HP: 19/57 MP: 7/9
  3409 | D:3      | Gained mutation: Your system is resistant to poisons.
                  | (rPois) [Green Draconian growth]
  3745 | D:4      | Noticed Menkaure
  3753 | D:4      | Mangled by Menkaure

Illustrated notes

Levels and vault maps discovered:
D:1:      lightli_arrival_statue_moat, layout_rooms, serial_forest,
          infiniplex_forest_corner_2, infiniplex_forest_straight_4,
          infiniplex_forest_join, infiniplex_forest_fountain,
          infiniplex_forest_clump_small, infiniplex_forest_3_way
D:2:      layout_loops_corners, hellmonk_ecumenical_altar_blasted, basic_altar,
          grunt_ministairs_2, skrybe_limestone_x, minmay_misc_feat_square,
          kennysheep_generic_room_12
D:3:      layout_loops_ring, uniq_jessica
D:4:      layout_rooms, zin_purify, gammafunk_temple_overflow_claw, uniq_pikel,
          uniq_menkaure

Skill      XL: |  1  2  3  4  5  6  7 |
---------------+----------------------+-----
Unarmed Combat | 4 5 6 7 |  7.6
Invocations    | 1 3 4 |  4.0
Evocations     | 3 |  3.6
Fighting       | |  3.2
Dodging        | |  2.6
Stealth        | |  1.7

Action                   |  1- 3 |  4- 6 |  7- 9 || total
-------------------------+-------+-------+-------++-------
Melee: Unarmed           |   165 |   165 |    13 ||   343
       Tailslap          |    19 |    16 |     1 ||    36
       Punch             |     3 |     1 |     2 ||     6
  Use: Scroll            |     1 |     8 |       ||     9
       Potion            |       |     7 |       ||     7
 Stab: Sleeping          |     2 |     3 |       ||     5
       Invisible         |       |     2 |       ||     2
Armor: Skin              |    76 |    54 |     6 ||   136
Dodge: Dodged            |   117 |   117 |     7 ||   241
